Workbook

Sheet RCTC
A1: RCTC Program Summary
C3: 2014-2015 | E3: 2015-2016 | G3: 2016-2017 | I3: 2017-2018 | K3: 2018-2019 | M3: 2014-2015 | N3: 2018-2019
A4: REVENUES
A5: Tuition | C5: 378629 | E5: 503179.65 | G5: 560088.32 | I5: 315539.28 | K5: 475365.48 | M5: =C5/$C$9 -> 0.8877252 | N5: =K5/K9 -> 0.93714919
A6: Books | C6: 23036 | E6: 20621.46 | G6: 17281.3 | I6: 27586.41 | K6: 12374 | M6: =C6/$C$9 -> 0.054009697 | N6: =K6/K9 -> 0.02439446
A7: Other - Fingerprinting/Misc | C7: 6250 | E7: 9269 | G7: 4701 | I7: 4731 | K7: 8006.23 | M7: =C7/$C$9 -> 0.014653612 | N7: =K7/K9 -> 0.015783712
A8: PDE Adult Voc-Ed Subsidy | C8: 18601 | E8: 23298.43 | G8: 24726.72 | I8: 12747.26 | K8: 11500.61 | M8: =C8/$C$9 -> 0.043611494 | N8: =K8/K9 -> 0.022672634
A9: TOTAL REVENUES | C9: =SUM(C5:C8) -> 426516 | E9: =SUM(E5:E8) -> 556368.54 | G9: =SUM(G5:G8) -> 606797.34 | I9: =SUM(I5:I8) -> 360603.95 | K9: =SUM(K5:K8) -> 507246.32 | M9: =SUM(M5:M8) -> 1 | N9: =SUM(N5:N8) -> 1
A11: EXPENSES
A12: Salaries and Benefits | C12: =92807.5+7100.74+4723.77+14100+28555.57+62+70+3263.12+9238.36+221+4732+340 -> 165214.06 | E12: =17575+91993.75+31022.26+52.8+10687.18+17014.25+832 -> 169177.24 | G12: =34993.75+67442.85+31217.77+10425.09+72+24659.4+832 -> 169642.86 | I12: =37398.51+68575+35464.27+72+10482.35+26409.6 -> 178401.73 | K12: =39038.35+63549.99+28796.32+86.4+218.44+8837.9+417.94+24747.88+831.72+9360+3125 -> 179009.94 | M12: =C12/$C$17 -> 0.40854841 | N12: =K12/$K$17 -> 0.34752203
A13: Contracted Services | C13: 167635.05 | E13: 270956.91 | G13: 394601.27 | I13: 199928.58 | K13: 285208.88 | M13: =C13/$C$17 -> 0.41453514 | N13: =K13/$K$17 -> 0.55369198
A14: Advertising | C14: 28756.11 | E14: 19151.95 | G14: 15050.96 | I14: 12204.16 | K14: 10807 | M14: =C14/$C$17 -> 0.071109342 | N14: =K14/$K$17 -> 0.020980235
A15: Travel | C15: 0 | E15: 0 | G15: 43.7 | I15: 0 | K15: 234.35 | M15: =C15/$C$17 -> 0 | N15: =K15/$K$17 -> 0.00045495678
A16: Supplies/Textbooks | C16: =20207.36+793.67+29.15+21757.46 -> 42787.64 | E16: =20847.79+17815.8 -> 38663.59 | G16: =19983.72+16063.94 -> 36047.66 | I16: =10478.07+23749.41 -> 34227.48 | K16: =32185.75+7171.18+486.77 -> 39843.7 | M16: =C16/$C$17 -> 0.10580711 | N16: =K16/$K$17 -> 0.077350807
A17: TOTAL EXPENSES | C17: =SUM(C12:C16) -> 404392.86 | E17: =SUM(E12:E16) -> 497949.69 | G17: =SUM(G12:G16) -> 615386.45 | I17: =SUM(I12:I16) -> 424761.95 | K17: =SUM(K12:K16) -> 515103.87 | M17: =SUM(M12:M16) -> 1 | N17: =SUM(N12:N16) -> 1
A19: NET CHANGE FROM PROGRAM ACTIVITIES | C19: =C9-C17 -> 22123.14 | E19: =E9-E17 -> 58418.85 | G19: =G9-G17 -> -8589.11 | I19: =I9-I17 -> -64158 | K19: =K9-K17 -> -7857.55
A21: REIMBURSEMENT ALLOCATIONS
A22: Social Security Reimbursement | C22: 5960 | E22: 6177.19 | G22: 6083.04 | I22: 6040.98 | K22: 5081.79 | M22: =C22/$C$26 -> 0.54473997 | N22: =K22/$K$26 -> 0.29354453
A23: Retirement Reimbursement | C23: 6981 | E23: 9834.24 | G23: 14388.76 | I23: 15219.85 | K23: 14230.03 | M23: =C23/$C$26 -> 0.63805868 | N23: =K23/$K$26 -> 0.82198348
A24: Allocated Postage | C24: -2000 | E24: -2000 | G24: -2000 | I24: -2000 | K24: -2000 | M24: =C24/$C$26 -> -0.18279865 | N24: =K24/$K$26 -> -0.115528
A25: Allocated Expenses - All other (Utilities, Maint.) | C25: 0 | E25: 0 | G25: 0 | I25: 0 | K25: 0 | M25: =C25/$C$26 -> 0 | N25: =K25/$K$26 -> 0
A26: TOTAL REIMBURSEMENT ALLOCATIONS | C26: =SUM(C22:C25) -> 10941 | E26: =SUM(E22:E25) -> 14011.43 | G26: =SUM(G22:G25) -> 18471.8 | I26: =SUM(I22:I25) -> 19260.83 | K26: =SUM(K22:K25) -> 17311.82 | M26: =SUM(M22:M25) -> 1 | N26: =SUM(N22:N25) -> 1
A28: TOTAL CHANGE IN PROGRAM | C28: =C19+C26 -> 33064.14 | E28: =E19+E26 -> 72430.28 | G28: =G19+G26 -> 9882.69 | I28: =I19+I26 -> -44897.17 | K28: =K19+K26 -> 9454.27
A30: Desired Profit Margin - 15% minimum | C30: 0.15 | E30: 0.15 | G30: 0.15 | I30: 0.15 | K30: 0.15
A31: Actual Profit Margin | C31: =C28/(C26+C9) -> 0.075582606 | E31: =E28/(E26+E9) -> 0.12698602 | G31: =G28/(G26+G9) -> 0.015805498 | I31: =I28/(I26+I9) -> -0.11819251 | K31: =K28/(K26+K9) -> 0.018023302
A32: (Total change divided by Total revenue + Reimb Alloc)
A34: NOTES -
A35: ** Adjusted personnel allocations out to other cost centers
A36: ** No occupancy-related expenses have been allocated to the program
A37: ** Other cost center staff used for fingerprinting - all revenue booked to RCTC
A38: ** Stronger prior to availability of other training
A39: ** Reviewed and increased tuition rates
A40: **Reviewed class enrollments and ceased offering low enrollment classes
A41: ** Reviewed spending to trim
A42: ** Decreases in employer-sponsored training course requests

Sheet Sheet2
B2: Revenue | C2: Other Allloc | D2: Expense
A3: 2015 | B3: =RCTC!C9 -> 426516 | C3: =RCTC!C26 -> 10941 | D3: =RCTC!C17 -> 404392.86
A4: 2016 | B4: =RCTC!E9 -> 556368.54 | C4: =RCTC!E26 -> 14011.43 | D4: =RCTC!E17 -> 497949.69
A5: 2017 | B5: =RCTC!G9 -> 606797.34 | C5: =RCTC!G26 -> 18471.8 | D5: =RCTC!G17 -> 615386.45
A6: 2018 | B6: =RCTC!I9 -> 360603.95 | C6: =RCTC!I26 -> 19260.83 | D6: =RCTC!I17 -> 424761.95
A7: 2019 | B7: =RCTC!K9 -> 507246.32 | C7: =RCTC!K26 -> 17311.82 | D7: =RCTC!K17 -> 515103.87

Sheet Sheet3
